 Dungeon Crawl Stone Soup version 0.31-a0-986-g5e6e4ef867 (webtiles) character file.

Game seed: 3874060225570220090

37 promet the Sneak (level 3, 0/24 HPs)
             Began as an Octopode Brigand on Nov 20, 2023.
             Slain by a goblin
             ... wielding a +0 club
             ... led by Robin
              (7 damage)
             ... on level 2 of the Dungeon.
             The game lasted 00:06:49 (1745 turns).

promet the Sneak (Octopode Brigand)                 Turns: 1745, Time: 00:06:49

Health: 0/24       AC:  1    Str: 10    XL:     3   Next: 41%
Magic:  3/3        EV: 13    Int: 13    God:
Gold:   71         SH:  0    Dex: 15    Spells: 2/2 levels left

rFire   . . .        a - +2 dagger
rCold   + . .        (no shield)
rNeg    . . .        (helmet restricted)
rPois   .            (no amulet)
rElec   .            d - ring of protection from cold
rCorr   .            (no ring)
SInv    .            (no ring)
Will    .....        (no ring)
Stlth   ++++         (no ring)
HPRegen 0.24/turn    (no ring)
MPRegen 0.08/turn    (no ring)
                     (no ring)

%: no passive effects
@: no status effects
A: almost no armour, amphibious, 8 rings, camouflage 1, gelatinous body 1,
(nimble swimmer 1), tentacles
a: no special abilities


You were on level 2 of the Dungeon.
You visited 1 branch of the dungeon, and saw 2 of its levels.

You collected 71 gold pieces.

Inventory:

Hand Weapons
 a - a +2 dagger (weapon)
Missiles
 b - 9 poisoned darts (quivered)
 c - 3 curare-tipped darts
 e - 23 stones
Jewellery
 d - a ring of protection from cold (left tentacle)
Potions
 g - a potion of curing
 h - a potion of heal wounds {unknown}


   Skills:
 + Level 2.1 Fighting
 + Level 2.2 Short Blades
 + Level 2.1 Throwing
 + Level 1.2 Dodging
 + Level 6.6 Stealth


You had 2 spell levels left.
You didn't know any spells.
Your spell library was empty.

Dungeon Overview and Level Annotations

Branches:
Dungeon (2/15)

Altars:

Shops:
D:1 [   D:2 *[

Annotations:
D:2 Robin


Innate Abilities, Weirdness & Mutations

You cannot wear most types of armour.
You are amphibious.
You can wear up to eight rings at the same time.
Your skin changes colour to match your surroundings (Stealth+).
Your rubbery body absorbs attacks. (AC +1, EV +1)
((You are camouflaged when in or above water. (Stealth+)))
You have tentacles for arms and can constrict up to eight enemies at once.


Message History

A goblin comes into view. It is wielding a +0 club.
The goblin moves out of view.
A goblin comes into view. It is wielding a +0 club.
The goblin shouts!
You hear a shout! x2; The goblin shouts! x2; Robin shouts!
You hear a shout!
The goblin shouts! 4 goblins come into view.
The goblin closely misses you. Robin throws the goblin at you!
The goblin moves out of view.
The goblin shouts!
You closely miss the goblin. You grab the goblin. You constrict the goblin.
A worm comes into view.
You release your grip on the goblin.
The goblin misses you. Robin throws the goblin at you!
You closely miss the goblin. You grab the goblin. You constrict the goblin.
The goblin hits you with a +0 dagger. The goblin hits you with a +0 club.
The goblin hits you but does no damage.
You hit the goblin.
You kill the goblin!
Robin throws the goblin at you! The goblin misses you.
The goblin hits you with a +0 club. x2
You closely miss the goblin. Your grab misses the goblin.
The goblin hits you with a +0 club.
* * * LOW HITPOINT WARNING * * *
The goblin hits you with a +0 club.
* * * LOW HITPOINT WARNING * * *
The goblin hits you with a +0 club.
* * * LOW HITPOINT WARNING * * *
You aren't carrying any scrolls.
It was a potion of curing.
You feel better. The goblin misses you. The goblin hits you with a +0 club.
The goblin closely misses you.
You closely miss the goblin. You grab the goblin. You constrict the goblin.
The goblin hits you with a +0 club.
* * * LOW HITPOINT WARNING * * *
Robin roars a battlecry!
The goblins go into a battle-frenzy!
The goblin closely misses you. The goblin barely misses you.
You hit the goblin. You squeeze the goblin.
You kill the goblin!
The goblin hits you with a +0 club!
You die...

#..
#.....)......#
###
####..########
## #.....# ...
###.#.# #r..
#†..#.#
#..##....#
#....####
#.##)# #.rg@#
####g# #g# #g#


∩gg .g. ....# .#.## w.... You could see Robin, a quokka and 6 goblins.

Vanquished Creatures
  3 dart slugs
  An endoplasm (D:1)
  4 giant cockroaches
  5 goblins
  4 hobgoblins
  2 quokkas
  A ball python (D:1)
  4 bats
  A frilled lizard (D:1)
  2 kobolds (D:1)
  3 rats (D:1)
30 creatures vanquished.

Notes
Turn   | Place    | Note
-------+----------+-------------------------------------------
     0 | D:1      | promet the Octopode Brigand began the quest for the Orb.
     0 | D:1      | Reached XP level 1. HP: 14/14 MP: 1/1
   137 | D:1      | Noticed an animated plate armour
   216 | D:1      | Found Xiadeinyfe's Armour Shoppe.
   218 | D:1      | Noticed an animated plate armour
   221 | D:1      | Reached XP level 2. HP: 19/19 MP: 2/2
   305 | D:1      | Reached skill level 6 in Stealth
  1368 | D:2      | Reached XP level 3. HP: 21/24 MP: 3/3
  1470 | D:2      | Found Oroppi's Assorted Antiques.
  1711 | D:2      | Noticed Robin
  1733 | D:2      | Found Honeacut's Armour Shop.
  1742 | D:2      | HP: 1/24 [goblin/+0 club[Robin] (2)]
  1745 | D:2      | Slain by a goblin

Illustrated notes

Levels and vault maps discovered:
D:1:      minmay_arrival_cross, layout_loops_ring, serial_shops,
          nicolae_shop_mannequins, minmay_cut_off
D:2:      wander_river, layout_loops_corners, serial_shops, shop, shop, shop,
          nicolae_shop_waterfront, shop, minmay_worlds_worst_comb, uniq_robin

Skill      XL: |  1  2 |
---------------+-------+-----
Stealth        | 6 |  6.6
Fighting       | |  2.1
Short Blades   | |  2.2
Throwing       | |  2.1
Dodging        | |  1.2

Action                     || total
---------------------------++-------
  Melee: Dagger            ||    62
         Constrict         ||    14
         Tentacles         ||    13
         Punch             ||     1
    Use: Scroll            ||     5
         Potion            ||     1
   Stab: Sleeping          ||     5
 Armour: Skin              ||    39
  Dodge: Dodged            ||    43

Table legend: (Time is in decaauts)
 A = Elapsed time spent in this place.
 B = Non-inter-level travel time spent in this place.
 C = Inter-level travel time spent in this place.
 D = Time resting spent in this place.
 E = Time spent auto-exploring this place.
 F = Levels seen in this place.
 G = Mean time per level.
                   A        B        C        D        E       F      G
               +--------+--------+--------+--------+--------+-----+--------+
         Total |   1738 |   1705 |     33 |    571 |    398 |   2 |  869.0 |
       Dungeon |   1738 |   1705 |     33 |    571 |    398 |   2 |  869.0 |
               +--------+--------+--------+--------+--------+-----+--------+

Top non-repeatable levels by time:
     D:1: 1325 daAuts
     D:2: 412 daAuts
